 Dungeon Crawl Stone Soup version 0.26.1-11-gd32895ea62 (webtiles) character file.

Game seed: 12694669652729831294

176 jlumianski the Grasshopper (level 5, -3/43 HPs)
             Began as a Gnoll Warper on July 2, 2021.
             Killed by nerve-wracking pain
             ... invoked by Grinder
              (8 damage)
             ... on level 4 of the Dungeon.
             The game lasted 00:11:26 (3013 turns).

jlumianski the Grasshopper (Gnoll Warper)           Turns: 3013, Time: 00:11:27

Health: -3/43      AC:  6    Str: 13    XL:     5   Next: 56%
Magic:  12/12      EV: 13    Int: 17    God:
Gold:   206        SH:  0    Dex: 14    Spells: 9/14 levels left

rFire    . . .     SeeInvis .   a - +0 hand axe
rCold    . . .     Faith    .   (no shield)
rNeg     . . .     Spirit   .   y - +0 ring mail
rPois    .         Reflect  .   (no helmet)
rElec    .         Harm     .   (no cloak)
rCorr    .         Rampage  .   n - +0 pair of gloves
Will     +....                  (no boots)
Stlth    +.........             c - amulet of regeneration
HPRegen  0.54/turn              (no ring)
MPRegen  0.13/turn              A - ring of willpower

@: no status effects
A: distributed training, fangs 1, strong nose
a: no special abilities


You were on level 4 of the Dungeon.
You visited 1 branch of the dungeon, and saw 4 of its levels.

You collected 206 gold pieces.

Inventory:

Hand Weapons
 a - a +0 hand axe (weapon)
 f - a cursed -3 dagger
 x - a +0 hunting sling
Missiles
 e - 5 boomerangs of dispersal
 g - 50 bolts
 p - 52 stones (quivered)
 s - 31 arrows
 v - 21 poisoned darts
Armour
 b - a +0 leather armour
 n - a +0 pair of gloves (worn)
 y - a +0 ring mail (worn)
Magical Staves
 q - an uncursed staff of death
Jewellery
 c - an amulet of regeneration (around neck)
 k - an uncursed ring of attention
 A - a ring of willpower (right hand)
Wands
 t - a wand of iceblast (11)
Scrolls
 d - a scroll of blinking
 j - a scroll of immolation {unknown}
 l - a scroll of noise {unknown}
 o - a scroll of random uselessness {unknown}
 r - 2 scrolls of teleportation {unknown}
 C - a scroll of amnesia {unknown}
 E - a scroll of enchant weapon {unknown}
 G - a scroll of fog {unknown}
Potions
 h - a potion of heal wounds
 i - a potion of invisibility {unknown}
 m - a potion of curing {unknown}
 u - a potion of might {unknown}
 w - 2 potions of magic {unknown}
 z - a potion of brilliance
 B - a potion of haste {unknown}
 D - a potion of lignification {unknown}
 F - a potion of berserk rage {unknown}


   Skills:
 + Level 4.8 Fighting
 + Level 1.5 Short Blades
 + Level 1.5 Long Blades
 + Level 4.8 Axes
 + Level 1.5 Maces & Flails
 + Level 1.5 Polearms
 + Level 1.5 Staves
 + Level 1.5 Slings
 + Level 1.5 Bows
 + Level 1.5 Crossbows
 + Level 3.0 Throwing
 + Level 3.0 Armour
 + Level 4.8 Dodging
 + Level 1.5 Stealth
 + Level 1.5 Shields
 + Level 1.5 Unarmed Combat
 + Level 5.2 Spellcasting
 + Level 1.2 Conjurations
 + Level 1.2 Hexes
 + Level 1.2 Summonings
 + Level 1.2 Necromancy
 + Level 5.5 Translocations
 + Level 1.2 Transmutations
 + Level 1.2 Fire Magic
 + Level 1.2 Ice Magic
 + Level 1.2 Air Magic
 + Level 1.2 Earth Magic
 + Level 1.2 Poison Magic
 + Level 1.7 Invocations
 + Level 1.5 Evocations


You had 9 spell levels left.
You knew the following spells:

 Your Spells              Type           Power        Failure   Level
a - Blink                 Tloc           N/A          4%          2
b - Gell's Gravitas       Tloc           11%          9%          3

Your spell library contained the following spells:

 Spells                   Type           Power        Failure   Level
 Lesser Beckoning         Tloc           11%          9%          3
 Teleport Other           Tloc           23%          9%          3
 Passage of Golubria      Tloc           N/A          28%         4


Dungeon Overview and Level Annotations

Branches:
Dungeon (4/15)
 Temple: D:4-7

Altars:
Ashenzari
Sif Muna
Yredelemnul

Annotations:
D:4 Grinder, Natasha


Innate Abilities, Weirdness & Mutations

Your experience applies equally to all skills.
You have very sharp teeth.
Your uncanny sense of smell can sniff out nearby items.


Message History

You suddenly lose the ability to move!
Natasha mumbles some strange words.
Natasha's front paws start to glow.
Natasha claws you! Grinder gestures at you. You resist with some effort.
Natasha claws you. Natasha claws you but does no damage.
Grinder grins, showing sharp teeth.
Grinder hits you.
You writhe in agony.
Natasha claws you. Grinder hits you.
You writhe in agony.
Natasha claws you. Grinder hits you!
* * * LOW HITPOINT WARNING * * *
You writhe in agony.
* * * LOW HITPOINT WARNING * * *
Natasha claws you but does no damage. Grinder hits you but does no damage.
Natasha claws you but does no damage.
You can move again.
Grinder gestures at you. Pain shoots through your body!
You die...

. # ( # ..#.. #
..#. ..#...
####
#...#.####.....
. #..........#
#...#..@#
#...5.#
#...#.#h#
..#...#.# #...#
#.. ..#. ### #
. .


You could see Grinder and Natasha.

Vanquished Creatures
  An orc wizard (D:3)
  A centaur skeleton (D:3)
  3 adders
  An ooze (D:3)
  2 worms
  2 dart slugs (D:3)
  3 leopard geckos (D:3)
  10 orcs
  5 bats
  2 giant cockroaches (D:1)
  7 goblins
  9 hobgoblins
  3 jackals (D:1)
  A quokka (D:2)
  2 ball pythons
  3 frilled lizards
  8 kobolds
  6 rats
69 creatures vanquished.

Vanquished Creatures (others)
  A rat (D:2)
1 creature vanquished.

Grand Total: 70 creatures vanquished

Notes
Turn   | Place    | Note
-------+----------+-------------------------------------------
     0 | D:1      | jlumianski the Gnoll Warper began the quest for the Orb.
     0 | D:1      | Reached XP level 1. HP: 20/20 MP: 6/6
    57 | D:1      | Reached XP level 2. HP: 20/26 MP: 7/7
   911 | D:1      | Reached skill level 5 in Spellcasting
   911 | D:1      | Reached XP level 3. HP: 29/31 MP: 7/9
   919 | D:1      | Learned a level 2 spell: Blink
   923 | D:1      | Learned a level 3 spell: Gell's Gravitas
  1340 | D:2      | Reached skill level 1 in Invocations
  1460 | D:2      | Reached skill level 1 in Short Blades
  1460 | D:2      | Reached skill level 1 in Long Blades
  1460 | D:2      | Reached skill level 1 in Maces & Flails
  1460 | D:2      | Reached skill level 1 in Polearms
  1460 | D:2      | Reached skill level 1 in Staves
  1460 | D:2      | Reached skill level 1 in Slings
  1460 | D:2      | Reached skill level 1 in Bows
  1460 | D:2      | Reached skill level 1 in Crossbows
  1460 | D:2      | Reached skill level 1 in Stealth
  1460 | D:2      | Reached skill level 1 in Shields
  1460 | D:2      | Reached skill level 1 in Unarmed Combat
  1460 | D:2      | Reached skill level 1 in Evocations
  1652 | D:2      | Found a shimmering blue altar of Sif Muna.
  1675 | D:2      | You fall into a shaft and drop 1 floor!
  1694 | D:3      | Reached XP level 4. HP: 33/38 MP: 3/11
  1697 | D:3      | Reached skill level 1 in Conjurations
  1697 | D:3      | Reached skill level 1 in Hexes
  1697 | D:3      | Reached skill level 1 in Summonings
  1697 | D:3      | Reached skill level 1 in Necromancy
  1697 | D:3      | Reached skill level 1 in Transmutations
  1697 | D:3      | Reached skill level 1 in Fire Magic
  1697 | D:3      | Reached skill level 1 in Ice Magic
  1697 | D:3      | Reached skill level 1 in Air Magic
  1697 | D:3      | Reached skill level 1 in Earth Magic
  1697 | D:3      | Reached skill level 1 in Poison Magic
  2003 | D:2      | Found a broken altar of Ashenzari.
  2452 | D:3      | Noticed a human
  2454 | D:3      | Found a runed translucent door.
  2470 | D:3      | Found a basalt altar of Yredelemnul.
  2480 | D:3      | Reached XP level 5. HP: 30/43 MP: 12/12
  3000 | D:4      | Noticed Natasha
  3000 | D:4      | Noticed Grinder
  3006 | D:4      | Paralysed by Grinder for 7 turns
  3013 | D:4      | Killed from afar by Grinder

Illustrated notes

Levels and vault maps discovered:
D:1:      sevenhm_arrival_forest_fort_small_4, layout_loops_ring
D:2:      layout_rooms, lemuel_doored_altar, ashenzari_altar_1, nrook_uturn
D:3:      layout_loops_ring, chequers_serial_rivers_small_b,
          minmay_misc_feat_five, dk_yredelemnul_ordeal
D:4:      layout_loops_ring, hex_large, elyvilon_altar_1, uniq_natasha,
          uniq_grinder, uniq_robin

Skill      XL: |  1  2  3  4  5 |
---------------+----------------+-----
Spellcasting   | 5 |  5.2
Invocations    | 1 |  1.7
Short Blades   | 1 |  1.5
Long Blades    | 1 |  1.5
Maces & Flails | 1 |  1.5
Polearms       | 1 |  1.5
Staves         | 1 |  1.5
Slings         | 1 |  1.5
Bows           | 1 |  1.5
Crossbows      | 1 |  1.5
Stealth        | 1 |  1.5
Shields        | 1 |  1.5
Unarmed Combat | 1 |  1.5
Evocations     | 1 |  1.5
Conjurations   | 1 |  1.2
Hexes          | 1 |  1.2
Summonings     | 1 |  1.2
Necromancy     | 1 |  1.2
Transmutations | 1 |  1.2
Fire Magic     | 1 |  1.2
Ice Magic      | 1 |  1.2
Air Magic      | 1 |  1.2
Earth Magic    | 1 |  1.2
Poison Magic   | 1 |  1.2
Throwing       | 3 |  3.0
Armour         | 3 |  3.0
Fighting       | |  4.8
Axes           | |  4.8
Dodging        | |  4.8
Translocations | |  5.5

Action                   |  1- 3 |  4- 6 || total
-------------------------+-------+-------++-------
Melee: Hand axe          |   110 |   109 ||   219
       Bite              |    14 |    13 ||    27
       Punch             |     1 |       ||     1
 Fire: Hunting sling     |       |    20 ||    20
Throw: Stone             |    14 |     7 ||    21
 Cast: Gell's Gravitas   |     4 |     3 ||     7
       Blink             |     3 |       ||     3
  Use: Scroll            |       |     2 ||     2
       Potion            |       |     1 ||     1
 Stab: Sleeping          |     1 |       ||     1
Armor: Leather armour    |    22 |       ||    22
       Ring mail         |       |    39 ||    39
Dodge: Dodged            |   122 |    71 ||   193
